 Dungeon Crawl Stone Soup version 0.18.1-48-g4cf74bf (webtiles) character file.

49 KarvaRausku the Conjurer (level 3, 0/19 HPs)
             Began as a Tengu Conjurer on Aug 9, 2016.
             Succumbed to an adder's poison
             ... on level 2 of the Dungeon on Aug 11, 2016.
             The game lasted 00:06:41 (1186 turns).

KarvaRausku the Conjurer (Tengu Conjurer)           Turns: 1186, Time: 00:06:41

Health: 0/19       AC:  2    Str:  8    XL:     3   Next: 75%
Magic:  2/8        EV: 12    Int: 16    God:
Gold:   33         SH:  0    Dex: 14    Spells: 2 memorised, 5 levels left

rFire  . . .     SeeInvis .     e - +0 club
rCold  . . .     Gourm    .     a - +0 robe
rNeg   . . .     Faith    .     (no shield)
rPois  .         Spirit   .     (helmet restricted)
rElec  .         Dismiss  .     (no cloak)
rCorr  .         Reflect  .     (no gloves)
SustAt .         Harm     .     (boots unavailable)
MR     .....                    (no amulet)
Stlth  ++........               (no ring)
                                (no ring)

@: lethally poisoned (0 -> -7), very slightly contaminated, not resistant to
hostile enchantments, unstealthy
A: beak, talons 3
a: no special abilities


You were on level 2 of the Dungeon.
You were very hungry.

You visited 1 branch of the dungeon, and saw 2 of its levels.

You collected 33 gold pieces.

Inventory:

Hand Weapons
 e - a +0 club (weapon)
Armour
 a - a +0 robe (worn)
Scrolls
 d - 2 scrolls of identify {unknown}
 g - a scroll of noise {unknown}
 j - 2 scrolls of immolation {unknown}
 m - a scroll of remove curse {unknown}
Potions
 h - a potion of haste
 i - 3 potions of berserk rage
Books
 b - a book of Conjurations

   Spells                             Type                      Level
   a - Magic Dart                     Conjuration                  1
   b - Searing Ray                    Conjuration                  2
   c - Dazzling Spray                 Conjuration/Hexes            3
   d - Fulminant Prism                Conjuration/Hexes            4
   e - Iskenderun's Mystic Blast      Conjuration                  4
   f - Iskenderun's Battlesphere      Conjuration/Charms           5
Comestibles
 c - 2 bread rations
 k - a royal jelly


   Skills:
 - Level 2.1 Dodging
 - Level 2.0 Stealth
 * Level 3.3 Spellcasting
 + Level 5.8 Conjurations


You had 5 spell levels left.
You knew the following spells:

 Your Spells              Type           Power        Failure   Level  Hunger
a - Magic Dart            Conj           ###.         1%          1    None
b - Searing Ray           Conj           ###...       2%          2    ##.....


Dungeon Overview and Level Annotations

Branches:
Dungeon (2/15)

Altars:


Innate Abilities, Weirdness & Mutations

You have a beak for a mouth.
You have claws for feet.


Message History

The adder misses you.
You miss the adder. Your kick misses the adder. Your peck misses the adder.
The adder misses you. The adder bites you.
You hit the adder.
The adder is lightly wounded.
You feel sick. The adder bites you.
* * * LOW HITPOINT WARNING * * *
You are more poisoned.
The adder poisons you!
You are too injured to fight recklessly!
You hit the adder. Your peck misses the adder.
The adder is lightly wounded.
* * * LOW HITPOINT WARNING * * *
You feel sick. The adder misses you. x2
You barely miss the adder.
The adder is lightly wounded.
The adder closely misses you. The adder barely misses you.
You completely miss the adder.
The adder is lightly wounded.
You die...

... #.# #.# #.# #.# #.#
#....#.## #.#.# #.......
#.#@# #....#.#.. #.#S#
#.# #......+.. ##.#.#
#.# #....w##.. #...w#
#.# #.....##..
#....#.#.#.#......#..
#....#.#.#.#......#..
#....#......h........
###....###.###.........
.........†.w..†.........


You could see a worm and an adder.

Vanquished Creatures
  An adder (D:2)
  An ooze (D:1)
  A dart slug (D:1)
  A giant gecko (D:1)
  5 goblins
  6 hobgoblins (D:1)
  4 jackals (D:2)
  4 bats (D:1)
  A giant newt (D:1)
  A kobold (D:1)
  6 rats
31 creatures vanquished.

Notes
Turn   | Place    | Note
--------------------------------------------------------------
     0 | D:1      | KarvaRausku the Tengu Conjurer began the quest for the Orb.
     0 | D:1      | Reached XP level 1. HP: 10/10 MP: 4/4
   189 | D:1      | Reached XP level 2. HP: 8/15 MP: 3/6
   535 | D:1      | Learned a level 2 spell: Searing Ray
   642 | D:1      | Reached XP level 3. HP: 19/19 MP: 3/8
  1186 | D:2      | Succumbed to an adder's poison

Skill      XL: |  1  2 |
---------------+-------+-----
Spellcasting   | 3 |  3.3
Dodging        | |  2.1
Stealth        | |  2.0
Conjurations   | |  5.8

Action                   || total
-------------------------++-------
Melee: Unarmed           ||     7
       Club              ||    30
       Kick              ||     3
       Peck              ||     3
 Cast: Magic Dart        ||    37
       Searing Ray       ||     2
  Use: Potion            ||     4
 Stab: Distracted        ||     1
  Eat: Chunk             ||     1
Armor: Robe              ||    10
Dodge: Dodged            ||    49
